 Dungeon Crawl Stone Soup version 0.30-a0-557-ge2afbf3030 (webtiles) character file.

Game seed: 5448769179224153281

23 Zonian the Sneak (level 2, 0/15 HPs)
             Began as a Vine Stalker Brigand on Dec 28, 2022.
             Slain by a phantom (3 damage)
             ... on level 4 of the Dungeon.
             The game lasted 00:01:49 (692 turns).

Zonian the Sneak (Vine Stalker Brigand)              Turns: 692, Time: 00:01:49

Health: 0/15       AC:  3    Str: 13    XL:     2   Next: 95%
Magic:  0/3        EV: 12    Int: 11    God:
Gold:   60         SH:  0    Dex: 15    Spells: 1/1 levels left

rFire   . . .      SeeInvis .    a - +2 dagger
rCold   . . .      Faith    .    (no shield)
rNeg    . . .      Spirit   +    b - +0 robe
rPois   .          Reflect  .    (no helmet)
rElec   .          Harm     .    c - +0 cloak
rCorr   .          Rampage  .    (no gloves)
Will    .....                    (no boots)
Stlth   +++                      (no amulet)
HPRegen 0.22/turn                (no ring)
MPRegen 0.08/turn                (no ring)

@: no status effects
A: fangs 2, magic shield, antimagic bite, no potion heal 2
a: no special abilities


You were on level 4 of the Dungeon.
You visited 1 branch of the dungeon, and saw 3 of its levels.

You collected 60 gold pieces.

Inventory:

Hand Weapons
 a - a +2 dagger (weapon)
 h - a +0 short sword
Missiles
 d - 9 poisoned darts (quivered)
 e - 3 curare-tipped darts
 i - 5 boomerangs
 k - 6 javelins
Armour
 b - a +0 robe (worn)
 c - a +0 cloak (worn)
Scrolls
 f - a scroll of silence {unknown}
 g - a scroll of identify
 j - a scroll of amnesia {unknown}
 l - 3 scrolls of teleportation


   Skills:
 + Level 2.0 Fighting
 + Level 2.1 Short Blades
 + Level 2.0 Throwing
 + Level 1.1 Dodging
 + Level 5.1 Stealth


You had one spell level left.
You didn't know any spells.
Your spell library contained the following spells:

 Spells                   Type           Power      Damage    Failure   Level
 Call Canine Familiar     Summ           0%         N/A       71%         3
 Ignite Poison            Fire/Tmut/Pois 0%         N/A       71%         3
 Portal Projectile        Hex/Tloc       0%         N/A       71%         3
 Leda's Liquefaction      Hex/Erth       0%         N/A       98%         4
 Sticky Flame             Conj/Fire      0%         2d3       98%         4
 Ignition                 Fire           0%         3d3       100%        8


Dungeon Overview and Level Annotations

Branches:
Dungeon (2/15)

Altars:


Innate Abilities, Weirdness & Mutations

You have extremely sharp teeth.
When hurt, damage is shared between your health and your magic reserves.
Your bite disrupts and absorbs the magic of your enemies.
Potions cannot restore your health.


Message History

You barely miss the phantom.
The phantom is severely damaged.
The phantom barely misses you.
You closely miss the phantom. You bite the phantom, but do no damage.
The phantom is severely damaged.
You hit the phantom.
The phantom is severely damaged.
The phantom hits you.
You hit the phantom but do no damage.
The phantom is severely damaged.
The phantom closely misses you.
You closely miss the phantom.
The phantom is severely damaged.
The phantom closely misses you.
You hit the phantom. You bite the phantom, but do no damage.
The phantom is almost destroyed.
The phantom barely misses you.
You hit the phantom. Your bite misses the phantom.
The phantom is almost destroyed.
The phantom hits you.
The phantom blinks!
You blink.
The phantom attacks as you move away! The phantom barely misses you.
You hit the phantom but do no damage. Your bite misses the phantom.
The phantom is almost destroyed.
The phantom hits you.
You miss the phantom. Your bite misses the phantom.
The phantom is almost destroyed.
The phantom hits you.
You closely miss the phantom.
The phantom is almost destroyed.
The phantom barely misses you.
You hit the phantom but do no damage. Your bite misses the phantom.
The phantom is almost destroyed.
You closely miss the phantom. Your bite misses the phantom.
The phantom is almost destroyed.
The phantom hits you!
* * * LOW HITPOINT WARNING * * *
You hit the phantom but do no damage. You bite the phantom, but do no damage.
The phantom is almost destroyed.
The phantom hits you.
You die...

#############.#
..
#........@W...#
#.
#.###########.#
#. #.##
#.###W.#####
#.#........#
#.#.######.# #
.###.#W#
#.######.#
.......##
##.........
.###....#
#......##.


You could see a phantom.

Vanquished Creatures
  5 ball pythons (D:1)
  4 bats (D:1)
  2 endoplasms (D:1)
  A giant cockroach (D:2)
  2 goblins
  A hobgoblin (D:1)
  2 kobolds (D:1)
  A quokka (D:1)
  A frilled lizard (D:1)
  2 rats (D:1)
21 creatures vanquished.

Notes
Turn   | Place    | Note
-------+----------+-------------------------------------------
     0 | D:1      | Zonian the Vine Stalker Brigand began the quest for the
                  | Orb.
     0 | D:1      | Reached XP level 1. HP: 11/11 MP: 2/2
    85 | D:1      | Reached skill level 1 in Dodging
    85 | D:1      | Reached XP level 2. HP: 15/15 MP: 3/3
   110 | D:1      | Reached skill level 5 in Stealth
   624 | D:2      | You fall into a shaft and drop 2 floors!
   651 | D:4      | Noticed a phantom
   692 | D:4      | Slain by a phantom

Illustrated notes

Levels and vault maps discovered:
D:1:      dpeg_arrival_stonehenge_12_columns, layout_basic
D:2:      layout_basic, minivault_27
D:4:      layout_basic, gup_sewer_entry_bowl, uniq_ijyb,
          uniq_crazy_yiuf_cottage, uniq_edmund, uniq_sigmund, uniq_duvessa,
          uniq_robin

Skill      XL: |  1  2 |
---------------+-------+-----
Dodging        | 1 |  1.1
Stealth        | 5 |  5.1
Short Blades   | 2 |  2.1
Fighting       | 2 |  2.0
Throwing       | 2 |  2.0

Action                   || total
-------------------------++-------
Melee: Dagger            ||    50
       Bite              ||    14
  Use: Scroll            ||     1
 Stab: Sleeping          ||     9
Armor: Robe              ||     6
Dodge: Dodged            ||    25

Table legend: (Time is in decaauts)
 A = Elapsed time spent in this place.
 B = Non-inter-level travel time spent in this place.
 C = Inter-level travel time spent in this place.
 D = Time resting spent in this place.
 E = Time spent auto-exploring this place.
 F = Levels seen in this place.
 G = Mean time per level.
                   A        B        C        D        E       F      G
               +--------+--------+--------+--------+--------+-----+--------+
         Total |    686 |    680 |      6 |      0 |    436 |   3 |  228.7 |
       Dungeon |    686 |    680 |      6 |      0 |    436 |   3 |  228.7 |
               +--------+--------+--------+--------+--------+-----+--------+

Top non-repeatable levels by time:
     D:1: 551 daAuts
     D:2: 69 daAuts
     D:4: 65 daAuts
